 Dungeon Crawl Stone Soup version 0.20.1-1-g8b1a95d (webtiles) character file.

20190 Irenicus the Martial Artist (level 12, -4/103 HPs)
             Began as a Deep Dwarf Transmuter on Oct 20, 2017.
             Was a High Priest of Makhleb.
             Slain by tarantulino's ghost (25 damage)
             ... on level 1 of the Orcish Mines.
             The game lasted 01:06:34 (11481 turns).

Irenicus the Martial Artist (DDTm)                 Turns: 11481, Time: 01:06:35

Health: -4/103     AC:  8    Str: 13 (14) XL:     12   Next: 43%
Magic:  0/15       EV: 32    Int: 16 (17) God:    Makhleb [*****.]
Gold:   1084       SH:  0    Dex: 24      Spells: 8/19 levels left

rFire    . . .     SeeInvis .     - Unarmed
rCold    . . .     Gourm    .   (shield currently unavailable)
rNeg     . . .     Faith    .   (armour currently unavailable)
rPois    x         Spirit   .   (helmet currently unavailable)
rElec    .         Reflect  .   (cloak currently unavailable)
rCorr    .         Harm     .   (gloves currently unavailable)
MR       +....                  (boots currently unavailable)
Stlth    ++++......             (no amulet)
Regen    0.0/turn               q - +3 ring of protection
MPRegen  0.2/turn               x - +3 ring of protection

@: spider-form, very slightly contaminated, non-regenerating
A: damage resistance, heal wounds, agile 1, blink, clever 1, sense surroundings
2, no regeneration
a: Heal Wounds, End Transformation, Blink, Minor Destruction, Lesser Servant of
Makhleb, Major Destruction, Greater Servant of Makhleb, Renounce Religion


You were on level 1 of the Orcish Mines.
You worshipped Makhleb.
Makhleb was extremely pleased with you.
You were very hungry.
You were a venomous arachnid creature.
You visited 2 branches of the dungeon, and saw 15 of its levels.
You also visited: Ossuary.

You collected 1084 gold pieces.

Inventory:

Missiles
 z - 117 arrows
Armour
 i - a +0 pair of gloves (melded)
 m - a +0 hat (melded)
 r - a +0 cloak (melded)
 G - the +10 large shield of Ignorance {rN+ Int-4}
   (You found it on level 13 of the Dungeon)

   It affects your intelligence (-4).
   It protects you from negative energy.
 T - the +1 leather armour of the Evening Star (melded) {rElec Int+4 Stlth-}
   (You found it on level 9 of the Dungeon)

   It affects your intelligence (+4).
   It insulates you from electricity.
   It makes you less stealthy.
Jewellery
 k - an uncursed ring of protection from magic
 q - a +3 ring of protection (left front leg)
 s - an uncursed ring of stealth
 x - a +3 ring of protection (right front leg)
 E - a +4 ring of intelligence
Wands
 u - a wand of flame (18/48)
 A - a wand of polymorph (14/24)
 M - a wand of random effects (32/48)
 Q - a wand of polymorph (18/24)
 R - a wand of confusion (22/48)
 V - a wand of lightning (5/15)
 W - a wand of iceblast (9/15)
Scrolls
 b - 2 scrolls of noise {unknown}
 f - 7 scrolls of remove curse
 h - a scroll of magic mapping {unknown}
 j - 7 scrolls of teleportation
 l - 2 scrolls of enchant armour {unknown}
 o - 2 scrolls of blinking
 y - 3 scrolls of amnesia
 F - a scroll of silence
 I - a scroll of holy word
 P - a scroll of fog
 U - a scroll of fear
Potions
 e - 3 potions of mutation
 g - a potion of agility
 p - a potion of curing
 C - 2 potions of flight
 J - a potion of haste
 K - 2 potions of brilliance
 O - 2 potions of might
Books
 a - a book of Cantrips

   Spells                             Type                      Level
   a - Confusing Touch                Hexes                        1
   b - Animate Skeleton               Necromancy                   1
   c - Summon Small Mammal            Summoning                    1
   d - Apportation                    Translocation                1
 c - a book of Changes

   Spells                             Type                      Level
   a - Beastly Appendage              Transmutation                1
   b - Sticks to Snakes               Transmutation                2
   c - Spider Form                    Transmutation/Poison         3
   d - Ice Form                       Ice/Transmutation            4
   e - Blade Hands                    Transmutation                5
 H - a book of Enchantments

   Spells                             Type                      Level
   a - Cause Fear                     Hexes                        4
   b - Yara's Violent Unravelling     Hexes/Transmutation          5
   c - Silence                        Hexes/Air                    5
   d - Deflect Missiles               Charms/Air                   6
   e - Discord                        Hexes                        8
 L - a book of Debilitation

   Spells                             Type                      Level
   a - Corona                         Hexes                        1
   b - Slow                           Hexes                        2
   c - Inner Flame                    Hexes/Fire                   3
   d - Portal Projectile              Hexes/Translocation          3
   e - Cause Fear                     Hexes                        4
   f - Leda's Liquefaction            Hexes/Earth                  4
Comestibles
 d - 6 bread rations
 t - 9 royal jellies
 v - 5 fruits
 B - 6 meat rations


   Skills:
 - Level 5.0 Fighting
 + Level 9.7 Dodging
 - Level 6.4 Stealth
 - Level 11.0 Unarmed Combat
 - Level 4.0 Spellcasting
 - Level 4.0 Hexes
 - Level 7.4 Transmutations
 - Level 3.0 Ice Magic
 - Level 3.1 Poison Magic
 - Level 8.0 Invocations


You had 8 spell levels left.
You knew the following spells:

 Your Spells              Type           Power        Failure   Level  Hunger
a - Spider Form           Tmut/Pois      ###.......   16%         3    ###....
b - Sticks to Snakes      Tmut           ####....     5%          2    ##.....
c - Beastly Appendage     Tmut           ####..       4%          1    None
d - Ice Form              Ice/Tmut       ###.....     38%         4    ####...
e - Confusing Touch       Hex            ###...       11%         1    None


Dungeon Overview and Level Annotations

Branches:
Dungeon (13/15)            Temple (0/1) D:6            Lair (0/6) D:11
    Orc (2/2) D:10
    Elf: Orc:2       Vaults: D:13-14

Altars:
Elyvilon
Makhleb
Okawaru
Ru
Sif Muna
Zin
Beogh

Shops:
Orc:2 (

Annotations:
D:12 bmj180's ghost, journeyman KoBe
D:13 3 exclusions
Orc:1 exclusion: downstairs, tarantulino's ghost, journeyman MfSk


Innate Abilities, Weirdness & Mutations

You are resistant to damage.
You can heal yourself by infusing magical energy.
You passively map the area around you.
You do not regenerate.
((You have a beak for a mouth.))
((You have large cloven feet.))
((You are partially covered in slimy green scales. (AC +2)))
You are agile. (Dex +2)
You can translocate small distances at will.
Your mind is acute. (Int +2)


Message History

Tarantulino's ghost is moderately damaged.
Tarantulino's ghost misses you.
You hit tarantulino's ghost but do no damage.
Tarantulino's ghost is moderately damaged.
Tarantulino's ghost closely misses you.
You hit tarantulino's ghost.
Tarantulino's ghost is moderately damaged.
You barely miss tarantulino's ghost.
Tarantulino's ghost is moderately damaged.
Tarantulino's ghost misses you.
You barely miss tarantulino's ghost.
Tarantulino's ghost is moderately damaged.
Tarantulino's ghost hits you!
* * * LOW HITPOINT WARNING * * *
Casting: Confusing Touch
Confirm with . or Enter, or press ? or * to list all spells.
You miscast Confusing Touch.
You are very lightly contaminated with residual magic.
Nothing appears to happen.
Tarantulino's ghost hits you!!
You die...

* ### *, ,
##.## ,,..
#...#, $.. , ,
##..## $... ,
, #Ws.# #....
, ##.###....#,
, ,
##..#....## ,
#.......... ,>
##.......$.,
,, ,
##......... ,
##.##...... ,
##......#.$ ,
#..........,,,


You could see tarantulino's ghost.

Vanquished Creatures
  6 two-headed ogres
  A centaur warrior (D:13)
  An orc sorcerer (Orc:1)
  A cyclops (D:11)
  A manticore (D:13)
  3 ugly things
  A deep elf mage (D:13)
  3 molten gargoyles (D:13)
  3 trolls
  A hornet (D:11)
  2 hippogriffs
  Sigmund (D:6)
  A wyvern (D:13)
  11 yaks
  4 hogs (D:11)
  2 humans
  A steam dragon (D:12)
  A warg (Orc:1)
  A soldier ant (D:11)
  A black bear (D:10)
  3 ice beasts
  A phantom (D:8)
  10 orc warriors
  4 sky beasts
  2 necrophages
  6 ogres
  10 centaurs
  A big kobold (D:7)
  An elf zombie (D:7)
  8 bullfrogs
  Blork the orc (D:5)
  An elf skeleton (D:7)
  A wyvern zombie (D:11)
  A water moccasin zombie (D:8)
  14 killer bees
  3 scorpions
  A wyvern skeleton (D:9)
  14 wights
  A howler monkey (D:10)
  7 jellies
  3 crimson imps
  2 bullfrog zombies
  19 orc wizards
  7 hounds
  A human zombie (D:7)
  12 orc priests
  4 bullfrog skeletons
  3 iguanas
  A human skeleton (D:7)
  11 worker ants
  2 hound skeletons
  8 mummies (Ossuary)
  2 worker ant zombies (D:10)
  7 gnolls
  5 adders
  3 shadow imps
  2 adder skeletons
  2 dart slugs
  5 leopard geckos
  63 orcs
  A ball python (D:4)
  5 giant cockroaches
  A gnoll zombie (Ossuary)
  5 goblins
  8 hobgoblins
  7 jackals
  13 kobolds
  4 quokkas
  6 bats
  6 frilled lizards
  A jackal skeleton (D:4)
  A kobold zombie (Ossuary)
  A leopard gecko skeleton (D:4)
  2 orc skeletons (D:7)
  An orc zombie (Ossuary)
  A quokka skeleton (D:4)
  5 rats
366 creatures vanquished.

Vanquished Creatures (collateral kills)
  A centaur warrior (D:13)
  A two-headed ogre (D:8)
  A yak (D:9)
  A killer bee (D:8)
  An adder (D:3)
  2 worms (D:3)
  A bat (D:3)
  2 gnoll zombies (Ossuary)
  A hobgoblin zombie (Ossuary)
  A kobold zombie (Ossuary)
  An orc zombie (Ossuary)
13 creatures vanquished.

Grand Total: 379 creatures vanquished

Notes
Turn   | Place    | Note
-------+----------+-------------------------------------------
     0 | D:1      | Irenicus the Deep Dwarf Transmuter began the quest for the Orb.
     0 | D:1      | Reached XP level 1. HP: 16/16 MP: 3/3
   503 | D:1      | Reached skill level 1 in Fighting
   503 | D:1      | Reached skill level 3 in Unarmed Combat
   617 | D:1      | Reached XP level 2. HP: 14/25 MP: 5/5
   920 | D:2      | Reached XP level 3. HP: 6/31 MP: 4/6
   929 | D:2      | Gained mutation: Your mind is acute. (Int +2) [potion of mutation]
   929 | D:2      | Gained mutation: You are robust. (+10% HP) [potion of mutation]
   929 | D:2      | Gained mutation: You have sharp fingernails. [potion of mutation]
  1028 | D:1      | Learned a level 2 spell: Sticks to Snakes
  1327 | D:2      | Reached XP level 4. HP: 9/41 MP: 6/6
  1828 | D:3      | Learned a level 3 spell: Spider Form
  1904 | D:3      | Found an iron altar of Okawaru.
  2193 | D:3      | Reached XP level 5. HP: 19/48 MP: 3/7
  2419 | D:3      | Found a glowing silver altar of Zin.
  2751 | D:4      | Learned a level 1 spell: Confusing Touch
  2875 | D:4      | Reached skill level 5 in Transmutations
  2997 | D:4      | Reached skill level 1 in Poison Magic
  3010 | D:4      | Found a white marble altar of Elyvilon.
  3151 | D:4      | Reached XP level 6. HP: 7/56 MP: 1/8
  3623 | D:5      | Entered Level 5 of the Dungeon
  3640 | D:5      | Noticed an ice beast
  3645 | D:5      | Killed an ice beast
  3646 | D:5      | Found a burning altar of Makhleb.
  3654 | D:5      | Became a worshipper of Makhleb the Destroyer
  3762 | D:5      | Reached skill level 1 in Hexes
  3791 | D:5      | Noticed Blork the orc
  3816 | D:5      | Killed Blork the orc
  3816 | D:5      | Reached XP level 7. HP: 33/62 MP: 4/9
  4051 | D:5      | Found a deep blue altar of Sif Muna.
  4082 | D:5      | You fall through a shaft!
  4155 | D:6      | Noticed Sigmund
  4180 | D:6      | Killed Sigmund
  4305 | D:6      | Reached XP level 8. HP: 44/70 MP: 5/12
  4310 | D:6      | Reached * piety under Makhleb
  4443 | D:6      | Gained mutation: Your body sometimes deteriorates upon taking damage. [mutagenic meat]
  4444 | D:6      | Lost mutation: Your body sometimes deteriorates upon taking damage. [mutagenic meat]
  4445 | D:6      | Lost mutation: You are robust. (+10% HP) [mutagenic meat]
  4536 | D:6      | Reached skill level 4 in Unarmed Combat
  5022 | D:6      | Reached skill level 5 in Unarmed Combat
  5046 | D:6      | Found a staircase to the Ecumenical Temple.
  5384 | D:7      | Reached skill level 6 in Unarmed Combat
  5441 | D:7      | Found a sand-covered staircase.
  5489 | D:7      | Gained mutation: You passively map the area around you. [Deep Dwarf growth]
  5489 | D:7      | Reached XP level 9. HP: 28/70 MP: 5/13
  5525 | Ossuary  | Entered an ossuary
  5547 | Ossuary  | Reached ** piety under Makhleb
  5554 | Ossuary  | Reached skill level 7 in Unarmed Combat
  6032 | D:7      | Reached skill level 8 in Unarmed Combat
  6168 | D:8      | Gained mutation: You are agile. (Dex +2) [mutagenic meat]
  6169 | D:8      | Gained mutation: You have large cloven feet. [mutagenic meat]
  6170 | D:8      | Gained mutation: You have a beak for a mouth. [mutagenic meat]
  6242 | D:8      | Learned a level 4 spell: Ice Form
  6292 | D:8      | Reached *** piety under Makhleb
  6292 | D:8      | Reached skill level 5 in Dodging
  6325 | D:8      | Noticed a two-headed ogre
  6341 | D:8      | Killed a two-headed ogre
  6341 | D:8      | Reached skill level 1 in Ice Magic
  6427 | D:8      | Noticed a two-headed ogre
  6443 | D:8      | Killed a two-headed ogre
  6443 | D:8      | Reached XP level 10. HP: 76/78 MP: 6/14
  6701 | D:8      | Noticed a two-headed ogre
  6720 | D:8      | Killed a two-headed ogre
  7255 | D:9      | Got a scorched leather armour
  7274 | D:9      | Identified the +1 leather armour of the Evening Star {rElec Int+4 Stlth-} (You found it on level 9 of the Dungeon)
  7520 | D:10     | Entered Level 10 of the Dungeon
  7649 | D:10     | Noticed a two-headed ogre
  7707 | D:10     | Killed a two-headed ogre
  7789 | D:10     | Reached **** piety under Makhleb
  7793 | D:10     | Reached skill level 1 in Invocations
  8013 | D:10     | Reached XP level 11. HP: 67/90 MP: 11/15
  8046 | D:10     | Found a staircase to the Orcish Mines.
  8063 | D:10     | Noticed a two-headed ogre
  8071 | D:10     | Noticed a two-headed ogre
  8078 | D:10     | Killed a two-headed ogre
  8108 | D:10     | Killed a two-headed ogre
  8430 | D:11     | Reached ***** piety under Makhleb
  8776 | D:11     | Reached skill level 9 in Unarmed Combat
  8826 | D:11     | Noticed a purple ugly thing
  8848 | D:11     | Killed a purple ugly thing
  8852 | D:11     | Gained mutation: You are somewhat resistant to further mutation. [mutagenic meat]
  8914 | D:11     | Found a staircase to the Lair.
  8931 | D:11     | Gained mutation: You are partially covered in slimy green scales. (AC +2) [mutagenic meat]
  9226 | D:12     | Reached skill level 10 in Unarmed Combat
  9233 | D:12     | Lost mutation: You are somewhat resistant to further mutation. [mutagenic meat]
  9234 | D:12     | Lost mutation: You have sharp fingernails. [mutagenic meat]
  9235 | D:12     | Gained mutation: You can translocate small distances at will. [mutagenic meat]
  9266 | D:12     | Noticed a purple ugly thing
  9291 | D:12     | Killed a purple ugly thing
  9291 | D:12     | Reached skill level 1 in Stealth
  9569 | D:12     | Noticed bmj180's ghost (journeyman KoBe)
 10174 | D:13     | Noticed a centaur warrior
 10178 | D:13     | Noticed a centaur warrior
 10191 | D:13     | Killed a centaur warrior
 10191 | D:13     | Reached XP level 12. HP: 25/97 MP: 16/16
 10205 | D:13     | Killed a centaur warrior
 10221 | D:13     | Reached skill level 5 in Stealth
 10327 | D:13     | Found a sacrificial altar of Ru.
 10360 | D:13     | Reached skill level 11 in Unarmed Combat
 10892 | D:13     | Noticed a two-headed ogre
 10932 | D:13     | Killed a two-headed ogre
 11003 | D:10     | Reached skill level 5 in Fighting
 11023 | Orc:1    | Entered Level 1 of the Orcish Mines
 11083 | Orc:1    | Found a roughly hewn altar of Beogh.
 11257 | Orc:2    | Entered Level 2 of the Orcish Mines
 11257 | Orc:2    | Noticed an orc warlord
 11337 | Orc:2    | Found Huleyriz's Antique Weapon Shoppe.
 11337 | Orc:2    | Noticed an orc high priest
 11397 | Orc:1    | Noticed tarantulino's ghost (journeyman MfSk)
 11481 | Orc:1    | Slain by tarantulino's ghost

Skill      XL: |  1  2  3  4  5  6  7  8  9 10 11 12 |
---------------+-------------------------------------+-----
Spellcasting   | 2 3 4 |  4.0
Fighting       | 1 3 5 |  5.0
Unarmed Combat | 3 6 8 10 11 | 11.0
Transmutations | 2 3 4 5 7 |  7.4
Poison Magic   | 1 3 |  3.1
Hexes          | 2 4 |  4.0
Dodging        | 7 9 |  9.7
Ice Magic      | 2 3 |  3.0
Invocations    | 3 8 |  8.0
Stealth        | 4 6 |  6.4

Action                   |  1- 3 |  4- 6 |  7- 9 | 10-12 || total
-------------------------+-------+-------+-------+-------++-------
Melee: Unarmed           |    95 |   194 |   422 |   898 ||  1609
       Headbutt          |     4 |     1 |       |       ||     5
       Punch             |     2 |     3 |     4 |     7 ||    16
       Kick              |    10 |    11 |     9 |    40 ||    70
       Peck              |       |       |     1 |    34 ||    35
 Cast: Beastly Appendage |    18 |    14 |       |       ||    32
       Sticks to Snakes  |     2 |    10 |     5 |    12 ||    29
       Spider Form       |       |    15 |    37 |    70 ||   122
       Confusing Touch   |       |     4 |    50 |   120 ||   174
       Ice Form          |       |       |     1 |     4 ||     5
Invok: Minor Destruction |       |       |     1 |    43 ||    44
       Lesser Servant of |       |       |       |     1 ||     1
 Abil: Heal Wounds       |     1 |     3 |     4 |     8 ||    16
  Use: Potion            |     3 |     5 |     1 |     6 ||    15
       Scroll            |       |     2 |       |    10 ||    12
 Stab: Sleeping          |       |     1 |     3 |     4 ||     8
       Confused          |       |     1 |    44 |    87 ||   132
       Distracted        |       |       |     1 |     3 ||     4
  Eat: Chunk             |     2 |    11 |    18 |    31 ||    62
       Fruit             |       |       |     1 |     2 ||     3
Armor: Robe              |    12 |    28 |    12 |     1 ||    53
       Skin              |     2 |     3 |    38 |    53 ||    96
       Leather armour    |       |       |       |    16 ||    16
Dodge: Dodged            |    45 |   112 |   219 |   598 ||   974
